 Dungeon Crawl Stone Soup version 0.21.1-1-g345015f (webtiles) character file.

1948 Mgcat the Fighter (level 9, -2/75 HPs)
             Began as a Human Berserker on Feb 28, 2018.
             Was an Elder of Trog.
             Slain by a two-headed ogre
             ... wielding a +0 giant club
              (23 damage)
             ... on level 7 of the Dungeon on Mar 1, 2018.
             The game lasted 00:11:46 (5277 turns).

Mgcat the Fighter (Human Berserker)                 Turns: 5277, Time: 00:11:47

Health: -2/75      AC: 12    Str: 20    XL:     9   Next: 41%
Magic:  9/9        EV:  9    Int:  8    God:    Trog [****..]
Gold:   243        SH:  7    Dex: 17    Spells: 8/8 levels left

rFire    + + .     SeeInvis .   a - +2 war axe (chop)
rCold    x . .     Gourm    .   l - +0 buckler
rNeg     . . .     Faith    .   j - +0 fire dragon scales
rPois    +         Spirit   .   A - +2 hat
rElec    .         Reflect  +   d - +0 cloak
rCorr    .         Harm     .   (no gloves)
MR       .....                  B - +0 pair of boots
Stlth    ..........             y - +3 amulet of reflection
HPRegen  0.22/turn              r - +4 ring of dexterity
MPRegen  0.11/turn              x - ring of poison resistance {rPois, !d}

@: berserk cooldown, slowed, very slow
A: no striking features
a: Berserk, Trog's Hand, Brothers in Arms, Burn Spellbooks, Renounce Religion


You were on level 7 of the Dungeon.
You worshipped Trog.
Trog was greatly pleased with you.
You were very hungry.

You visited 1 branch of the dungeon, and saw 7 of its levels.

You collected 366 gold pieces.
You spent 123 gold pieces at shops.

Inventory:

Hand Weapons
 a - a +2 war axe of chopping (weapon)
   (You bought it in a shop on level 4 of the Dungeon)
 o - a +0 hunting sling
   (You found it on level 1 of the Dungeon)
Missiles
 p - 30 sling bullets
 q - 220 stones (quivered)
Armour
 d - a +0 cloak (worn)
   (You found it on level 2 of the Dungeon)
 j - +0 fire dragon scales (worn)
   (You found it on level 1 of the Dungeon)
 l - a +0 buckler (worn)
   (You found it on level 5 of the Dungeon)
 A - a +2 hat (worn)
   (You found it on level 4 of the Dungeon)
 B - a +0 pair of boots (worn)
   (You found it on level 4 of the Dungeon)
Jewellery
 r - a +4 ring of dexterity (left hand)
   (You found it on level 3 of the Dungeon)
 s - an uncursed ring of stealth {Stlth+}
   (You found it on level 2 of the Dungeon)
 x - a ring of poison resistance (right hand) {rPois, !d}
   (You found it on level 3 of the Dungeon)
 y - a +3 amulet of reflection (around neck)
   (You found it on level 3 of the Dungeon)
 F - an uncursed amulet of guardian spirit {Spirit}
   (You found it on level 7 of the Dungeon)
 H - an uncursed amulet of harm
   (You found it on level 7 of the Dungeon)
Wands
 n - a wand of iceblast (8)
   (You found it on level 6 of the Dungeon)
 D - a wand of random effects (36)
   (You found it on level 7 of the Dungeon)
 G - a wand of digging (9)
   (You found it on level 7 of the Dungeon)
Scrolls
 b - a scroll of blinking {!r}
 g - 2 scrolls of identify
 k - a scroll of immolation {unknown}
 m - 2 scrolls of teleportation
 u - 2 scrolls of remove curse
 v - a scroll of vulnerability {unknown}
 w - a scroll of magic mapping {!r}
Potions
 e - a potion of agility
 f - 2 potions of curing
 h - 4 potions of brilliance
 i - a potion of mutation {unknown}
 t - a potion of cancellation
 z - 2 potions of degeneration {!q}
 C - 2 potions of might
 I - a potion of lignification {unknown}
Comestibles
 c - 10 rations
 E - 16 chunks of flesh {@w0}


   Skills:
 + Level 8.9 Fighting
 + Level 8.8 Axes
 - Level 2.0 Armour
 - Level 2.0 Dodging


You had 8 spell levels left.
You didn't know any spells.

Dungeon Overview and Level Annotations

Branches:
Dungeon (7/15)             Temple (0/1) D:5

Altars:
Ashenzari
Kikubaaqudgha
Nemelex Xobeh
Qazlal
Xom
Zin
The Shining One

Shops:
D:4 (   D:5 ?


Message History

a shortbow; 11 arrows; a centaur corpse You butcher the centaur corpse.
E - 16 chunks of flesh {@w0} (gained 5)
Things that are here:
a shortbow; 11 arrows
Things that are here:
a shortbow; 11 arrows HP restored.
The big kobold shouts!
The big kobold is too close now for your liking.
A big kobold is nearby!
A big kobold is nearby!
The big kobold closely misses you.
You hit the big kobold but do no damage.
The big kobold barely misses you.
You slash the big kobold!
The big kobold is heavily wounded.
You block the big kobold's attack.
You barely miss the big kobold.
The big kobold is heavily wounded.
The big kobold closely misses you.
You slash the big kobold!
You kill the big kobold!
Trog accepts your kill.
No target in view!
No target in view!
H - a dented diamond amulet
g - 3 scrolls of identify (gained 1)
As you read the scroll of identify, it crumbles to dust.
H - an uncursed amulet of harm
I - a bubbling orange potion The hound barks!
The hound is too close now for your liking.
You hit the hound.
The hound is lightly wounded.
You hit the quokka. The hound misses you. The quokka closely misses you.
You block the hound's attack. The quokka closely misses you.
You closely miss the quokka.
The quokka is heavily wounded.
You hit the hound but do no damage. You block the hound's attack.
The quokka closely misses you.
A red film seems to cover your vision as you go berserk!
You feel yourself moving faster!
You feel mighty!
You are feeling very hungry.
You block the hound's attack. The quokka bites you.
The hound bites you but does no damage.
Your shield and fire dragon scales prevent you from hitting the quokka.
The quokka is heavily wounded.
You closely miss the hound. The hound barely misses you.
The quokka barely misses you.
You slice the quokka!!
You kill the quokka!
Trog accepts your kill.
You closely miss the hound. You block the hound's attack.
You miss the hound.
The hound is lightly wounded.
You hit the water moccasin. The hound bites you but does no damage.
The water moccasin bites you.
You slice the water moccasin!!
You kill the water moccasin!
Trog accepts your kill.
You slash the hound!
You kill the hound!
Trog accepts your kill. The ogre closely misses you.
Things that are here:
a water moccasin corpse; a quokka corpse You slice the ogre!!
You kill the ogre!
Trog accepts your kill.
No target in view!
No target in view!
No target in view!
You feel a strong urge to attack something.
You are no longer berserk.
You are exhausted.
You feel yourself slow down. As you open the door, it creaks loudly!
An ogre comes into view. It is wielding a giant club.
The ogre shouts!
You hear two shouts!
The ogre moves out of view.
A two-headed ogre comes into view.
It is wielding a giant club and a giant spiked club.
The two-headed ogre shouts in stereo!
There is an open door here.
You barely miss the two-headed ogre. You slash the ogre!
The two-headed ogre hits you with a giant club!!
The two-headed ogre hits you with a giant spiked club.
The ogre closely misses you. You block the two-headed ogre's attack.
The two-headed ogre hits you but does no damage.
The ogre hits you with a giant club.
You hit the two-headed ogre but do no damage.
You slash the ogre!
You kill the ogre!
Trog accepts your kill. The two-headed ogre barely misses you.
The two-headed ogre hits you with a giant spiked club!!
* * * LOW HITPOINT WARNING * * *
The two-headed ogre misses you.
The two-headed ogre hits you with a giant spiked club!!
You die...

#.###.## # #<.....# .#
#......##.#
####################.........#
...#.....#.....#?[?#.......#.####
...#.....#)....#.:.#<#.....#.##..
#..#..#..#†.#..#$)!#.#.#...#.##..
#..#..#..#..#..###'#.#.......##..
#.....#.....#...@O.#.#...........
#.....#.....#......#.#.###.......
####################)#.# #.......
....).(.............)#.# #...####
(...(.....(..........#.###.#.##
####################.#.....#..#
#.....#.....# #......##..##
#.....#.....# ######.##...#
#..#..#..#..# #.##.#.##


You could see a two-headed ogre.

Vanquished Creatures
  A wraith (D:7)
  The ghost of Nero42 the Skirmisher, an amateur HOFi of the Shining One (D:4)
  A water moccasin (D:7)
  A phantom (D:7)
  A necrophage (D:6)
  2 ogres (D:7)
  2 centaurs
  A big kobold (D:7)
  2 bullfrogs
  A scorpion (D:4)
  2 crimson imps
  2 bullfrog zombies (D:6)
  4 orc priests
  A jelly (D:5)
  3 hounds
  An orc wizard (D:7)
  A centaur skeleton (D:4)
  2 iguanas (D:5)
  2 worker ants
  Robin (D:2)
  6 adders
  A shadow imp (D:6)
  An adder zombie (D:5)
  A worm (D:2)
  A dart slug (D:2)
  4 leopard geckos
  21 orcs
  4 bats
  4 giant cockroaches
  13 goblins
  7 hobgoblins (D:2)
  15 jackals
  6 quokkas
  A frilled lizard (D:2)
  6 kobolds
  A leopard gecko skeleton (D:5)
  A quokka skeleton (D:4)
  4 rats
129 creatures vanquished.

Vanquished Creatures (others)
  A centaur (D:7)
1 creature vanquished.

Grand Total: 130 creatures vanquished

Notes
Turn   | Place    | Note
-------+----------+-------------------------------------------
     0 | D:1      | Mgcat the Human Berserker began the quest for the Orb.
     0 | D:1      | Reached XP level 1. HP: 18/18 MP: 1/1
   179 | D:1      | Found a white marble altar of Elyvilon.
   181 | D:1      | Found a shimmering altar of Xom.
   181 | D:1      | Found a white marble altar of Elyvilon.
   183 | D:1      | Found an opulent altar of Gozag.
   183 | D:1      | Found a stormy altar of Qazlal.
   183 | D:1      | Found an iron altar of Okawaru.
   741 | D:1      | Reached XP level 2. HP: 23/24 MP: 2/2
  1114 | D:2      | Reached XP level 3. HP: 26/29 MP: 3/3
  1208 | D:2      | Found a glowing golden altar of the Shining One.
  1263 | D:2      | Reached ** piety under Trog
  1467 | D:2      | Noticed Robin
  1508 | D:2      | Reached XP level 4. HP: 37/37 MP: 4/4
  1525 | D:2      | Killed Robin
  1525 | D:2      | Reached skill level 4 in Fighting
  1525 | D:2      | Reached skill level 4 in Axes
  1968 | D:3      | Reached XP level 5. HP: 41/42 MP: 5/5
  2046 | D:3      | Found a faded altar of an unknown god.
  2084 | D:3      | Found a shattered altar of Ashenzari.
  2466 | D:4      | Noticed Nero42's ghost (amateur HOFi)
  2480 | D:4      | Killed Nero42's ghost
  2480 | D:4      | Reached skill level 5 in Fighting
  2480 | D:4      | Reached skill level 5 in Axes
  2480 | D:4      | Reached XP level 6. HP: 51/51 MP: 6/6
  2554 | D:4      | Reached *** piety under Trog
  2579 | D:4      | Found a sparkling altar of Nemelex Xobeh.
  2587 | D:4      | Found a glowing silver altar of Zin.
  2587 | D:4      | Found a glowing golden altar of the Shining One.
  2607 | D:4      | Found a shimmering altar of Xom.
  2627 | D:4      | Reached XP level 7. HP: 54/56 MP: 7/7
  2718 | D:4      | Found Pinoonash's Antique Weapon Shoppe.
  2721 | D:4      | Bought a runed war axe for 123 gold pieces
  3379 | D:5      | Entered Level 5 of the Dungeon
  3429 | D:5      | Found Ojosheci's Magic Scroll Shoppe.
  3494 | D:5      | Found a staircase to the Ecumenical Temple.
  3565 | D:5      | Reached skill level 6 in Fighting
  3565 | D:5      | Reached skill level 6 in Axes
  3770 | D:5      | Reached XP level 8. HP: 65/65 MP: 8/8
  4162 | D:6      | Found an ancient bone altar of Kikubaaqudgha.
  4219 | D:6      | Reached skill level 7 in Fighting
  4414 | D:6      | Reached skill level 7 in Axes
  4589 | D:6      | Reached **** piety under Trog
  5096 | D:7      | Noticed a wraith
  5138 | D:7      | Reached skill level 8 in Fighting
  5138 | D:7      | Reached XP level 9. HP: 74/74 MP: 9/9
  5147 | D:7      | Reached skill level 8 in Axes
  5273 | D:7      | Noticed a two-headed ogre
  5277 | D:7      | Slain by a two-headed ogre

Skill      XL: |  1  2  3  4  5  6  7  8  9 |
---------------+----------------------------+-----
Fighting       | 4 5 6 8 |  8.9
Axes           | 4 5 6 7 8 |  8.8
Armour         | |  2.0
Dodging        | |  2.0

Action                   |  1- 3 |  4- 6 |  7- 9 || total
-------------------------+-------+-------+-------++-------
Melee: Hand axe          |   138 |   172 |     9 ||   319
       War axe           |       |       |   170 ||   170
Invok: Berserk           |     4 |     5 |     3 ||    12
       Trog's Hand       |       |     1 |       ||     1
       Burn Spellbooks   |       |       |     1 ||     1
  Use: Scroll            |     3 |       |    12 ||    15
  Eat: Ration            |     1 |       |       ||     1
       Chunk             |     1 |    10 |    10 ||    21
Armor: Chain mail        |    24 |       |       ||    24
       Fire dragon scale |    64 |    57 |    75 ||   196
Dodge: Dodged            |    91 |   106 |    76 ||   273
Block: Other             |       |    10 |     9 ||    19
       Buckler           |       |       |    24 ||    24
       Reflection        |       |       |     3 ||     3

Vault maps used:
D:1:      eino_arrival_cavern_d, doesnt_xom_only_xom
D:2:      nicolae_tso_swordbearing_angel, uniq_robin
D:3:      nicolae_overflow_hidden_temple, first_ration,
          chequers_ecumenical_altar_lobes
D:4:      chequers_temple_overflow_statue_of_worship, serial_shops,
          nicolae_shop_behind_doors
D:5:      minmay_temple_entry_grid, serial_shops, nicolae_shop_behind_doors
D:6:      kennysheep_mini_moat
D:7:      kennysheep_windowed_halls, minmay_misc_feat_x

Table legend:
 A = Turns spent in this place as a percentage of turns spent in the entire game.
 B = Non-inter-level travel turns spent in this place as a percentage of non-inter-level travel turns spent in the entire game.
 C = Inter-level travel turns spent in this place as a percentage of turns spent in this place.
 D = Turns resting spent in this place as a percentage of non-inter-level travel turns spent in this place.
 E = Turns spent auto-exploring this place as a percentage of non-inter-level travel turns spent in this place.
 F = Non-inter-level travel turns spent in this place divided by the number of levels of this place that you've seen.
                   A       B       C       D       E      F
               +-------+-------+-------+-------+-------+----------------------
         Total | 100.0 | 100.0 |   3.9 |   1.3 |  76.7 | 724.3
       Dungeon | 100.0 | 100.0 |   3.9 |   1.3 |  76.7 | 724.3
               +-------+-------+-------+-------+-------+----------------------

Table legend:
 A = Kills in this place as a percentage of kills in entire the game.
 B = Kills by you in this place as a percentage of kills by you in the entire game.
 C = Kills by friends in this place as a percentage of kills by friends in the entire game.
 D = Other kills in this place as a percentage of other kills in the entire game.
 E = Experience gained in this place as a percentage of experience gained in the entire game.
 F = Experience gained in this place divided by the number of levels of this place that you have seen.
                   A       B       C       D       E      F
               +-------+-------+-------+-------+-------+----------------------
         Total | 100.0 | 100.0 |   N/A | 100.0 | 100.0 | 397.7
       Dungeon | 100.0 | 100.0 |   N/A | 100.0 | 100.0 | 397.7
               +-------+-------+-------+-------+-------+----------------------
